 Dungeon Crawl Stone Soup version 0.29.1-15-g9cfb28693d (webtiles) character file.

Game seed: 14293282056232875085

357 safid the Chiller (level 6, -4/48 HPs)
             Began as a Merfolk Ice Elementalist on Apr 11, 2023.
             Slain by Menkaure (18 damage)
             ... on level 4 of the Dungeon.
             The game lasted 00:06:47 (4097 turns).

safid the Chiller (Merfolk Ice Elementalist)        Turns: 4097, Time: 00:06:48

Health: -4/48      AC: 10    Str:  9    XL:     6   Next: 64%
Magic:  3/11       EV: 16    Int: 16    God:
Gold:   177        SH:  0    Dex: 14    Spells: 5/12 levels left

rFire   . . .      SeeInvis .   f - +0 hand axe
rCold   . . .      Faith    .   (no shield)
rNeg    . . .      Spirit   .   a - +0 robe
rPois   .          Reflect  .   j - +0 helmet
rElec   .          Harm     .   (no cloak)
rCorr   +          Rampage  .   (no gloves)
Will    .....                   w - +0 pair of boots
Stlth   ++........              u - amulet of Ascent {Regen+ Slay+6}
HPRegen 0.96/turn               g - ring of resist corrosion
MPRegen 0.12/turn               s - +4 ring of evasion

@: ice-armoured, freezing walls
A: (nimble swimmer 2), mertail
a: no special abilities


You were on level 4 of the Dungeon.
You visited 1 branch of the dungeon, and saw 4 of its levels.

You collected 177 gold pieces.

Inventory:

Hand Weapons
 f - a +0 hand axe (weapon)
Armour
 a - a +0 robe (worn)
 j - a +0 helmet (worn)
 w - a +0 pair of boots (worn)
Jewellery
 g - a ring of resist corrosion (left hand)
 s - a +4 ring of evasion (right hand)
 u - the amulet of Ascent (around neck) {Regen+ Slay+6}
   (You found it on level 3 of the Dungeon)

   [amulet of regeneration]

   Slay:      It affects your accuracy & damage with ranged weapons and melee
   (+6).
   Regen:     It increases your rate of health regeneration.
Wands
 y - a wand of flame (20)
Scrolls
 e - a scroll of magic mapping {unknown}
 k - a scroll of torment {unknown}
 l - a scroll of blinking {unknown}
 m - a scroll of poison {unknown}
 n - 6 scrolls of identify {unknown}
 o - a scroll of amnesia {unknown}
 q - 2 scrolls of teleportation {unknown}
 t - a scroll of enchant weapon {unknown}
 x - 2 scrolls of vulnerability {unknown}
Potions
 b - a potion of magic
 c - 4 potions of flight {unknown}
 d - a potion of lignification {unknown}
 h - 2 potions of mutation {unknown}
 i - 3 potions of might {unknown}
 p - 3 potions of attraction {unknown}
 r - a potion of brilliance {unknown}
 v - a potion of heal wounds {unknown}
 z - a potion of degeneration {unknown}


   Skills:
 + Level 3.9 Fighting
 - Level 2.6 Dodging
 - Level 2.1 Stealth
 + Level 3.9 Spellcasting
 + Level 6.0 Ice Magic


You had 5 spell levels left.
You knew the following spells:

 Your Spells              Type           Power      Damage    Failure   Level
a - Freeze                Ice            88%        1d10      1%          1
b - Frozen Ramparts       Ice            44%        1d7       4%          3
c - Ozocubu's Armour      Ice            22%        N/A       4%          3

Your spell library contained the following spells:

 Spells                   Type           Power      Damage    Failure   Level
 Sting                    Tmut/Pois      12%        1d3       17%         1
 Summon Small Mammal      Summ           12%        N/A       17%         1
 Static Discharge         Conj/Air       3%         3-4/arc   26%         2
 Hailstorm                Conj/Ice       12%        3d5       43%         4
 Ignite Poison            Fire/Tmut/Pois 3%         N/A       45%         3
 Irradiate                Conj/Tmut      1%         3d12      99%         5
 Lightning Bolt           Conj/Air       1%         1d12      99%         5
 Conjure Ball Lightning   Conj/Air       1%         3x3d6     100%        6
 Monstrous Menagerie      Summ           1%         N/A       100%        7
 Discord                  Hex            1%         N/A       100%        8
 Disjunction              Tloc           1%         N/A       100%        8
 Maxwell's Capacitive Co  Air            1%         ∞         100%        8


Dungeon Overview and Level Annotations

Branches:
Dungeon (4/15)
 Temple: D:4-7

Altars:
Ashenzari
Makhleb
Trog
Wu Jian

Annotations:
D:4 Menkaure


Innate Abilities, Weirdness & Mutations

((You are very nimble when in or above water. (Stealth+, EV+, Speed+++)))
Your lower body shifts to a powerful aquatic tail in water.


Message History

Unknown command.
You hit Menkaure.
Menkaure is moderately damaged.
Menkaure resists.
The wall freezes Menkaure.
Menkaure calls on the powers of darkness!
Your body is wracked with pain!
The worm convulses!
Unknown command.
You completely miss Menkaure.
Menkaure is moderately damaged.
The wall freezes the worm.
Menkaure resists.
The wall freezes Menkaure.
Menkaure barely misses you.
Unknown command.
You completely miss Menkaure.
Menkaure is moderately damaged.
The wall freezes the worm!
You kill the worm!
Menkaure resists.
The wall freezes Menkaure.
Menkaure hits you.
Unknown command.
You are too injured to fight recklessly!
Unknown command.
You are too injured to fight recklessly!
You slash Menkaure!
Menkaure is severely damaged.
The frozen ramparts melt away.
Menkaure completely misses you.
Unknown command.
Casting: Ozocubu's Armour (dangerous; 4% risk of failure)
Confirm with . or Enter, or press ? or * to list all spells.
Casting: Frozen Ramparts (dangerous; 4% risk of failure)
Press: ? - help, Dir - look around, f - activate The walls around you are covered in ice.
Menkaure resists.
The wall freezes Menkaure.
Menkaure calls on the powers of darkness!
Your body is wracked with pain!
* * * LOW HITPOINT WARNING * * *
Unknown command.
You hit Menkaure.
Menkaure is almost destroyed.
The wall freezes Menkaure but does no damage.
Menkaure hits you!!
You die...

#####.# #.# #.# #.# #.#
# ###.# .# # ##.#.# ..#
####....##########...###
+...............@M......
####....##########...###
# ##...# ..# #.### ...
#†# ... ## #.# .# .# #.#
# .# #.# .####.#


You could see Menkaure.

Vanquished Creatures
  An ice beast (D:4)
  A black bear (D:4)
  A hound (D:4)
  3 gnolls (D:2)
  2 adders (D:2)
  A worm (D:4)
  2 dart slugs (D:2)
  6 orcs
  8 bats
  5 endoplasms
  4 giant cockroaches
  6 goblins
  6 hobgoblins
  10 jackals
  11 kobolds
  2 quokkas (D:1)
  5 ball pythons
  3 frilled lizards
  5 rats
82 creatures vanquished.

Notes
Turn   | Place    | Note
-------+----------+-------------------------------------------
     0 | D:1      | safid the Merfolk Ice Elementalist began the quest for the
                  | Orb.
     0 | D:1      | Reached XP level 1. HP: 13/13 MP: 3/3
   450 | D:1      | Reached XP level 2. HP: 20/20 MP: 1/5
   507 | D:1      | Reached skill level 1 in Fighting
  1104 | D:1      | Reached XP level 3. HP: 24/26 MP: 3/6
  1149 | D:1      | Found a faded altar of an unknown god.
  1570 | D:2      | Learned a level 3 spell: Frozen Ramparts
  1574 | D:2      | Learned a level 3 spell: Ozocubu's Armour
  1804 | D:2      | Reached skill level 5 in Ice Magic
  1847 | D:2      | Reached XP level 4. HP: 9/33 MP: 0/8
  2550 | D:2      | You fall into a shaft and drop 2 floors!
  2708 | D:3      | Got Pyja's Tome of the Remoulded Union
  2973 | D:2      | Reached XP level 5. HP: 39/39 MP: 7/9
  3360 | D:3      | Identified the amulet of Ascent {Regen+ Slay+6}
  3800 | D:3      | Found a burning altar of Makhleb.
  3803 | D:3      | Found an ornate altar of the Wu Jian Council.
  3806 | D:3      | Found a broken altar of Ashenzari.
  3820 | D:3      | Found a bloodstained altar of Trog.
  3890 | D:4      | Noticed an ice beast
  3912 | D:4      | Killed an ice beast
  3913 | D:4      | Reached XP level 6. HP: 15/47 MP: 8/11
  4018 | D:4      | Noticed a black bear
  4025 | D:4      | Killed a black bear
  4026 | D:4      | Reached skill level 6 in Ice Magic
  4086 | D:4      | Noticed Menkaure
  4097 | D:4      | Slain by Menkaure

Illustrated notes

Levels and vault maps discovered:
D:1:      lightli_molten_gateway, layout_basic,
          ebering_ecumenical_altar_abandoned
D:2:      layout_basic
D:3:      layout_basic, grunt_temple_overflow_cloverleaf
D:4:      layout_loops_corners, uniq_menkaure

Skill      XL: |  1  2  3  4  5  6 |
---------------+-------------------+-----
Fighting       | 1 2 3 |  3.9
Ice Magic      | 5 6 |  6.0
Spellcasting   | 3 |  3.9
Dodging        | |  2.6
Stealth        | |  2.1

Action                   |  1- 3 |  4- 6 || total
-------------------------+-------+-------++-------
Melee: Unarmed           |    32 |       ||    32
       Hand axe          |    23 |    64 ||    87
       Punch             |       |     1 ||     1
 Cast: Freeze            |    39 |    31 ||    70
       Frozen Ramparts   |     1 |     5 ||     6
       Ozocubu's Armour  |     1 |     3 ||     4
 Stab: Sleeping          |     5 |     6 ||    11
Armor: Robe              |    30 |    18 ||    48
Dodge: Dodged            |    72 |    78 ||   150
